 Dungeon Crawl Stone Soup version 0.29.0-4-gdea44cf6ec (webtiles) character file.

Game seed: 3214008828830205822

51 qw the Chopper (level 3, -3/21 HPs)
             Began as a Tengu Warper on Aug 29, 2022.
             Slain by Robin
             ... wielding a +0 spear
              (6 damage)
             ... on level 2 of the Dungeon.
             The game lasted 00:00:14 (1633 turns).

qw the Chopper (Tengu Warper)                       Turns: 1633, Time: 00:00:15

Health: -3/21      AC:  5    Str: 13    XL:     3   Next: 81%
Magic:  7/7        EV: 11    Int: 13    God:
Gold:   107        SH:  0    Dex: 13    Spells: 6/6 levels left

rFire   . . .      SeeInvis .   Y - +1 hand axe (vorpal)
rCold   . . .      Faith    .   (no shield)
rNeg    . . .      Spirit   .   d - +0 ring mail
rPois   .          Reflect  .   (helmet restricted)
rElec   .          Harm     .   (no cloak)
rCorr   .          Rampage  .   (no gloves)
Will    .....                   (boots unavailable)
Stlth   +.........              (no amulet)
HPRegen 0.07/turn               (no ring)
MPRegen 0.10/turn               (no ring)

@: no status effects
A: beak, talons 3
a: no special abilities


You were on level 2 of the Dungeon.
You visited 1 branch of the dungeon, and saw 2 of its levels.

You collected 147 gold pieces.
You spent 40 gold pieces at shops.


Innate Abilities, Weirdness & Mutations

You have a beak for a mouth.
You have claws for feet.


   Skills:
 - Level 2.0 Fighting
 + Level 4.4 Axes
 - Level 1.0 Throwing
 - Level 1.1 Armour
 - Level 2.1 Dodging
 - Level 2.0 Spellcasting
 - Level 2.4 Translocations


You had 6 spell levels left.
You didn't know any spells.
Your spell library contained the following spells:

 Spells                   Type           Power      Damage    Failure   Level
 Blink                    Tloc           14%        N/A       30%         2
 Gell's Gravitas          Tloc           7%         N/A       52%         3
 Lesser Beckoning         Tloc           7%         N/A       52%         3
 Teleport Other           Tloc           7%         N/A       52%         3
 Manifold Assault         Tloc           7%         N/A       99%         5

Inventory:

Hand Weapons
 g - a +0 whip
 Y - a +1 vorpal hand axe (weapon)
Armour
 d - a +0 ring mail (worn)
Scrolls
 f - 2 scrolls of identify
Potions
 i - a potion of mutation

Dungeon Overview and Level Annotations

Branches:
Dungeon (2/15)

Altars:

Shops:
D:1 ?

Annotations:
D:2 Robin


Message History

You hit the jackal. You peck the jackal, but do no damage.
The jackal is severely wounded.
The jackal barely misses you. x2; Robin throws the goblin at you!
You hit the jackal.
You kill the jackal!
You closely miss the goblin.
A hobgoblin comes into view.
The goblin hits you but does no damage.
Robin roars a battlecry!
The goblins go into a battle-frenzy!
A hobgoblin comes into view.
You hit the goblin.
You kill the goblin!
Robin roars a battlecry!
The hobgoblin goes into a battle-frenzy!
You hit the hobgoblin. Your kick misses the hobgoblin.
The hobgoblin is severely wounded.
The hobgoblin hits you but does no damage.
Robin barely misses you.
You hit the hobgoblin.
You kill the hobgoblin!
Robin barely misses you.
You barely miss the hobgoblin. Your kick misses the hobgoblin.
Robin hits you from afar with a +0 spear.
The hobgoblin closely misses you.
A giant cockroach comes into view.
You hit the hobgoblin but do no damage. You claw the hobgoblin.
You kill the hobgoblin!
You closely miss the hobgoblin. Robin hits you but does no damage.
The hobgoblin misses you.
You hit the hobgoblin.
You kill the hobgoblin!
Robin hits you but does no damage.
You closely miss the hobgoblin. The hobgoblin barely misses you.
Robin hits you from afar with a +0 spear.
You hit the hobgoblin.
You kill the hobgoblin!
Robin hits you from afar with a +0 spear.
You die...

#.# ##.# # ..
#..###.# #.#
##...)..#
#..##...#####
#..#.###
.######.#.#
..........#
#..###)#.#
#@#.#
#.....)>).#
#...##.g..B..
#. ##........
##..#####
.... .#.#
...#


You could see Robin and a giant cockroach.

Vanquished Creatures
  A dart slug (D:1)
  2 ball pythons (D:1)
  3 bats (D:1)
  2 endoplasms (D:1)
  3 giant cockroaches
  6 goblins
  10 hobgoblins
  9 jackals
  3 kobolds (D:1)
  2 rats (D:1)
41 creatures vanquished.

Vanquished Creatures (others)
  2 plants (D:2)
2 creatures vanquished.

Grand Total: 43 creatures vanquished

Notes
Turn   | Place    | Note
-------+----------+-------------------------------------------
     0 | D:1      | qw the Tengu Warper began the quest for the Orb.
     0 | D:1      | Reached XP level 1. HP: 12/12 MP: 4/4
     0 | D:1      | 0 ||| qw: Version: 0.1-a-89-g26bdef1
     0 | D:1      | 0 ||| qw: Game counter: 3450
     0 | D:1      | 0 ||| qw: Always use a shield: true
     0 | D:1      | 0 ||| qw: God list: Okawaru
     0 | D:1      | 0 ||| qw: Allow faded altars: false
     0 | D:1      | 0 ||| qw: Do Orc after D:15 true
     0 | D:1      | 0 ||| qw: Do second Lair branch before Depths: true
     0 | D:1      | 0 ||| qw: Lair rune preference: random
     0 | D:1      | 0 ||| qw: Plans: Normal
     0 | D:1      | 0 ||| PLANNING D:1-11
    54 | D:1      | 54 ||| Stepping ~*~*~tactically~*~*~ (stealth).
   105 | D:1      | Found Qumn's Magic Scroll Shop.
   128 | D:1      | 128 ||| BUYING scroll of identify (20 gold).
   128 | D:1      | Bought a scroll of identify for 20 gold pieces
   128 | D:1      | 128 ||| BUYING scroll of identify (20 gold).
   128 | D:1      | Bought a scroll of identify for 20 gold pieces
   128 | D:1      | 128 ||| SHOPLISTING scroll of identify (20 gold, have 15).
   128 | D:1      | 128 ||| SHOPLISTING scroll of teleportation (30 gold, have
                  | 15).
   263 | D:1      | Reached skill level 3 in Axes
   263 | D:1      | Reached XP level 2. HP: 13/17 MP: 6/6
   544 | D:1      | 544 ||| Stepping ~*~*~tactically~*~*~ (hiding).
   716 | D:1      | Found a faded altar of an unknown god.
  1015 | D:1      | Reached XP level 3. HP: 21/21 MP: 7/7
  1022 | D:1      | 1022 ||| Stepping ~*~*~tactically~*~*~ (stealth).
  1198 | D:1      | Reached skill level 4 in Axes
  1549 | D:1      | 1549 ||| UPGRADING to +0 ring mail.
  1559 | D:1      | 1559 ||| DROPPING +0 leather armour.
  1560 | D:1      | 1560 ||| READING scroll labelled LERGHE HERCHOIM.
  1561 | D:1      | 1561 ||| READING scroll labelled BURINA GUMEW.
  1565 | D:1      | 1565 ||| READING scroll labelled ISTILI COANU.
  1566 | D:1      | 1566 ||| READING scroll labelled DUYRIO ETUE.
  1567 | D:1      | 1567 ||| READING 3 scrolls of identify.
  1567 | D:1      | 1567 ||| IDENTIFYING smoky yellow potion
  1568 | D:1      | 1568 ||| DROPPING scroll of blinking.
  1612 | D:2      | Noticed Robin
  1629 | D:2      | HP: 5/21 [Robin/+0 spear (4)]
  1633 | D:2      | Slain by Robin

Levels and vault maps discovered:
D:1:      ebering_trefoil_3fold, layout_basic, shapermc_ecumenical_altar_venn,
          serial_shops, nicolae_shop_hallway_plus
D:2:      layout_rooms, basic_altar, chequers_big_river, uniq_robin

Skill      XL: |  1  2  3 |
---------------+----------+-----
Axes           | 3 4 |  4.4
Fighting       | |  2.0
Throwing       | |  1.0
Armour         | |  1.1
Dodging        | |  2.1
Spellcasting   | |  2.0
Translocations | |  2.4

Action                   || total
-------------------------++-------
Melee: Hand axe          ||    80
       Kick              ||    18
       Peck              ||    12
Throw: Boomerang         ||     7
  Use: Scroll            ||     5
Armor: Leather armour    ||    16
       Ring mail         ||    15
Dodge: Dodged            ||    50

Table legend:
 A = Non-vault XP
 B = Vault XP
 C = Vault XP percentage of total XP
 D = Non-vault monster count
 E = Vault monster count
 F = Vault count percentage of total count
                 A         B        C        D         E       F
            +---------+---------+-------+---------+---------+-------
      Total |      59 |      16 |  21.3 |      32 |       9 |  22.0
            +---------+---------+-------+---------+---------+-------
        D:1 |      49 |       0 |   0.0 |      27 |       0 |   0.0
        D:2 |      10 |      16 |  61.5 |       5 |       9 |  64.3
            +---------+---------+-------+---------+---------+-------
